 Dungeon Sprint DCSS version 0.21.2 (webtiles) character file.

4433 Fang the Severer (level 10, -1/108 HPs)
             Began as a Gargoyle Berserker on Oct 16, 2018.
             Was the Champion of Trog.
             Slain by a nagaraja
             ... wielding a +0 club
              (2 damage)
             ... in the Dungeon (Sprint VII: "The Pits").
             The game lasted 00:04:04 (1759 turns).

Fang the Severer (Gargoyle Berserker)               Turns: 1759, Time: 00:04:04

Health: -1/108     AC: 18    Str: 28    XL:     10   Next: 36%
Magic:  3/3        EV: 11    Int: 12    God:    Trog [******]
Gold:   0          SH:  0    Dex: 12    Spells: 9/9 levels left

rFire    . . .     SeeInvis .   o - +1 battleaxe (antimagic)
rCold    . . .     Gourm    .   (shield currently unavailable)
rNeg     + . .     Faith    .   n - +3 scale mail
rPois    ∞         Spirit   .   (no helmet)
rElec    +         Reflect  .   (no cloak)
rCorr    .         Harm     .   (no gloves)
MR       .....     NoTele   +   (no boots)
Stlth    ..........             (no amulet)
HPRegen  0.28/turn              p - +3 ring of intelligence
MPRegen  0.08/turn              q - +3 ring of dexterity

@: berserking (expiring), constricted, very quick
A: negative energy resistance 1, electricity resistance, unbreathing,
petrification resistance, rot immunity, AC +7
a: Berserk, Trog's Hand, Brothers in Arms, Burn Spellbooks, Renounce Religion


You were in the Dungeon.
You worshipped Trog.
Trog was exalted by your worship.
You were near starving.

You visited 1 branch

Inventory:

Hand Weapons
 j - a +2 hand axe
 o - a +1 antimagic battleaxe (weapon)
 t - a +1 broad axe of chopping
Armour
 n - a +3 scale mail (worn)
Jewellery
 p - a +3 ring of intelligence (left hand)
 q - a +3 ring of dexterity (right hand)
Scrolls
 i - a scroll of blinking
 k - 3 scrolls of remove curse
 l - a scroll of summoning
Potions
 a - 2 potions of invisibility
 d - 8 potions of curing
 e - 10 potions of heal wounds
 f - 3 potions of haste
 g - 4 potions of magic
 h - 4 potions of berserk rage
 r - a potion of might
 s - a potion of brilliance
Comestibles
 c - 9 rations


   Skills:
 + Level 12.8 Fighting
 + Level 15.7 Axes
 + Level 9.1 Armour
 + Level 7.2 Dodging
 + Level 0.5 Stealth


You had 9 spell levels left.
You didn't know any spells.

Dungeon Overview and Level Annotations

Branches:
Dungeon (1/1)

Altars:
Ashenzari
Cheibriados
Dithmenos
Elyvilon
Fedhas
Gozag
Hepliaklqana
Kikubaaqudgha
Makhleb
Nemelex Xobeh
Okawaru
Qazlal
Ru
Sif Muna
Trog
Uskayaw
Vehumet
Wu Jian
Xom
Yredelemnul
Zin
The Shining One
Beogh
Jiyva
Lugonu


Innate Abilities, Weirdness & Mutations

You are resistant to torment.
Your stone body is resilient. (AC +7)
You are immune to poison.
You resist negative energy. (rN+)
You are resistant to electric shocks. (rElec)
You can survive without breathing.
You are immune to petrification.
You are immune to rotting.


Message History

The nagaraja hits you but does no damage.
The nagaraja constricts you.
The emperor scorpion closely misses you.
The emperor scorpion claws you but does no damage. x2
You closely miss the orc knight.
The orc knight is heavily wounded.
You completely miss the nagaraja. You slash the emperor scorpion!
The nagaraja hits you but does no damage.
The nagaraja constricts you.
Unknown command.
You hit the orc knight but do no damage.
The orc knight is heavily wounded.
You closely miss the emperor scorpion. You barely miss the nagaraja.
The orc knight hits you with a great mace of protection!!
* * * LOW HITPOINT WARNING * * *
The emperor scorpion stings you but does no damage.
The emperor scorpion claws you but does no damage. x2
The nagaraja hits you with a club!!
* * * LOW HITPOINT WARNING * * *
You die...

##''###### ##''#####
##......# ##......#
###....## #### # ##''##
###..+
###).(.###....##+## .
##......#...÷##..N##....
##......'...)'..@os'....
##......#....##..s##....
###..).###....##'## . #
##''## ###..+...+ #
#....# ####...#
##......# .....
##......# ......
######### ########


You could see an emperor scorpion, a nagaraja, an orc knight and a demonic
crawler.

Vanquished Creatures
  A phantasmal warrior (D)
  An orc sorcerer (D)
  2 cyclopes (D)
  An efreet (D)
  6 dream sheep (D)
  A shadow (D)
  2 basilisks (D)
  A fire bat (D)
  2 wargs (D)
  3 black bears (D)
  A necrophage (D)
  A swamp drake (D)
  An ice beast (D)
  A crocodile (D)
  A crimson imp (D)
  An iron imp (D)
  An orc wizard (D)
  A river rat (D)
  An ufetubus (D)
  An ooze (D)
  An adder skeleton (D)
  3 orcs (D)
  3 ball pythons (D)
  2 bats (D)
  A bat skeleton (D)
  A goblin (D)
  6 jackals (D)
  A frilled lizard (D)
  A rat (D)
49 creatures vanquished.

Notes
Turn   | Place    | Note
-------+----------+-------------------------------------------
     0 | D        | Fang the Gargoyle Berserker began the quest for the Orb.
     0 | D        | Reached XP level 1. HP: 14/14 MP: 1/1
    16 | D        | Reached skill level 3 in Axes
    21 | D        | Found a bloodstained altar of Trog.
    21 | D        | Found a deep blue altar of Sif Muna.
    21 | D        | Found a viscous altar of Jiyva.
    21 | D        | Found a hazy altar of Hepliaklqana.
    21 | D        | Found an opulent altar of Gozag.
    22 | D        | Found a glowing golden altar of the Shining One.
    22 | D        | Found a glowing silver altar of Zin.
    22 | D        | Found a basalt altar of Yredelemnul.
    22 | D        | Found a shimmering altar of Xom.
    22 | D        | Found an ornate altar of the Wu Jian Council.
    22 | D        | Found a sacrificial altar of Ru.
    22 | D        | Found a stormy altar of Qazlal.
    22 | D        | Found an iron altar of Okawaru.
    22 | D        | Found a sparkling altar of Nemelex Xobeh.
    22 | D        | Found a burning altar of Makhleb.
    22 | D        | Found a blossoming altar of Fedhas.
    22 | D        | Found a white marble altar of Elyvilon.
    22 | D        | Found a shadowy altar of Dithmenos.
    22 | D        | Found a snail-covered altar of Cheibriados.
    24 | D        | Found a radiant altar of Vehumet.
    24 | D        | Found a corrupted altar of Lugonu.
    24 | D        | Found a roughly hewn altar of Beogh.
    64 | D        | Reached ** piety under Trog
    69 | D        | Reached XP level 2. HP: 20/20 MP: 2/2
    78 | D        | Reached skill level 4 in Axes
   371 | D        | Reached *** piety under Trog
   379 | D        | Reached **** piety under Trog
   379 | D        | Reached XP level 3. HP: 22/25 MP: 3/3
   380 | D        | Reached skill level 5 in Fighting
   477 | D        | Noticed an ice beast
   485 | D        | Killed an ice beast
   485 | D        | Reached skill level 6 in Axes
   485 | D        | Reached XP level 4. HP: 32/32 MP: 4/4
   485 | D        | Reached XP level 5. HP: 37/37 MP: 5/5
   489 | D        | Reached ***** piety under Trog
   489 | D        | Reached skill level 7 in Axes
   538 | D        | Noticed a fire bat
   542 | D        | Killed a fire bat
   542 | D        | Reached skill level 9 in Axes
   542 | D        | Reached XP level 6. HP: 29/45 MP: 6/6
   644 | D        | Noticed an orc sorcerer
   652 | D        | Killed an orc sorcerer
   652 | D        | Reached skill level 10 in Axes
   652 | D        | Reached skill level 5 in Dodging
   652 | D        | Reached XP level 7. HP: 52/52 MP: 7/7
   785 | D        | Reached skill level 10 in Fighting
   785 | D        | Reached skill level 11 in Axes
   789 | D        | Received a gift from Trog
   789 | D        | Reached ****** piety under Trog
   803 | D        | Noticed a cyclops
   806 | D        | Reached XP level 8. HP: 43/57 MP: 2/8
   814 | D        | Killed a cyclops
   814 | D        | Reached skill level 12 in Axes
  1061 | D        | Found a hide-covered altar of Uskayaw.
  1061 | D        | Found an ancient bone altar of Kikubaaqudgha.
  1061 | D        | Found a shattered altar of Ashenzari.
  1088 | D        | Noticed an efreet
  1088 | D        | Noticed a cyclops
  1097 | D        | Killed an efreet
  1098 | D        | Killed a cyclops
  1098 | D        | Reached skill level 13 in Axes
  1098 | D        | Reached XP level 9. HP: 64/64 MP: 3/9
  1260 | D        | Reached skill level 14 in Axes
  1261 | D        | Received a gift from Trog
  1301 | D        | Reached XP level 10. HP: 72/72 MP: 3/10
  1306 | D        | Reached skill level 15 in Axes
  1413 | D        | Noticed a phantasmal warrior
  1418 | D        | Received a gift from Trog
  1426 | D        | Killed a phantasmal warrior
  1738 | D        | Noticed an orc knight
  1739 | D        | Noticed an emperor scorpion
  1740 | D        | Noticed a nagaraja
  1759 | D        | HP: 1/108 [nagaraja/club (18)]
  1759 | D        | Slain by a nagaraja

Skill      XL: |  1  2  3  4  5  6  7  8  9 10 |
---------------+-------------------------------+-----
Axes           | 3 4 6 9 10 11 13 14 15 | 15.7
Fighting       | 4 6 8 9 10 11 12 | 12.8
Dodging        | 2 3 4 5 6 7 |  7.2
Armour         | 3 4 6 7 8 9 |  9.1
Stealth        | |  0.5

Action                   |  1- 3 |  4- 6 |  7- 9 | 10-12 || total
-------------------------+-------+-------+-------+-------++-------
Melee: Hand axe          |    31 |    21 |    13 |       ||    65
       Battleaxe         |       |       |    29 |    32 ||    61
Invok: Berserk           |     2 |     1 |     3 |     2 ||     8
  Eat: Chunk             |       |       |     7 |     1 ||     8
Armor: Animal skin       |     7 |       |       |       ||     7
       Scale mail        |     5 |     9 |    19 |    28 ||    61
Dodge: Dodged            |    24 |    11 |    32 |    13 ||    80
